 Dungeon Crawl Stone Soup version 0.24.0-35-gdb84b6a5db (webtiles) character file.

Game seed: 14140415980973834429, levelgen mode: deterministic

67 Katsumi the Changer (level 3, 0/22 HPs)
             Began as a Felid Transmuter on Nov 19, 2019.
             Succumbed to an adder's poison
             ... on level 2 of the Dungeon.
             The game lasted 00:01:42 (2543 turns).

Katsumi the Changer (Felid Transmuter)              Turns: 2543, Time: 00:01:43

Health: 0/22       AC: 21    Str:  6    XL:     3   Next: 98%
Magic:  3/7        EV:  4    Int: 15    God:
Gold:   100        SH:  0    Dex: 16    Spells: 3/6 levels left
                                        Lives:  0   Deaths: 0

rFire    + . .     SeeInvis +     - Unarmed
rCold    + . .     Gourm    .   (shield unavailable)
rNeg     + + +     Faith    .   (armour unavailable)
rPois    +         Spirit   .   (helmet unavailable)
rElec    +         Reflect  .   (cloak unavailable)
rCorr    +         Harm     .   (gloves unavailable)
MR       .....     NoTele   +   (boots unavailable)
Stlth    +.........             (no amulet)
HPRegen  0.07/turn              (no ring)
MPRegen  0.10/turn              (no ring)

@: lethally poisoned (0 -> -2), tree-form, resistant, hasted, very quick
A: very small, no armour, no weapons or thrown items, stealth, see invisible,
carnivore, slow metabolism 1
a: no special abilities


You were on level 2 of the Dungeon.
You were completely stuffed.
You were a tree.
You visited 1 branch of the dungeon, and saw 2 of its levels.

You collected 100 gold pieces.

Inventory:

Missiles
 a - 25 arrows
Scrolls
 e - a scroll of blinking {unknown}
 f - 2 scrolls of remove curse {unknown}
 h - a scroll of fog {unknown}
 i - a scroll of identify {unknown}
Potions
 b - 2 potions of lignification
Comestibles
 c - 8 rations
 j - 3 chunks of flesh


   Skills:
 - Level 1.0 Fighting
 - Level 2.6 Dodging
 - Level 3.0 Unarmed Combat
 - Level 2.0 Spellcasting
 + Level 4.7 Transmutations


You had 3 spell levels left.
You knew the following spells:

 Your Spells              Type           Power        Failure   Level  Hunger
a - Beastly Appendage     Tmut           ###...       3%          1    #......
b - Sticks to Snakes      Tmut           ###.....     4%          2    ###....

Your spell library contained the following spells:

 Spells                   Type           Power        Failure   Level  Hunger
 Spider Form              Tmut/Pois      #.........   26%         3    ###....
 Ice Form                 Ice/Tmut       #.......     63%         4    #####..
 Blade Hands              Tmut           ###.......   65%         5    ######.


Dungeon Overview and Level Annotations

Branches:
Dungeon (2/15)

Altars:


Innate Abilities, Weirdness & Mutations

You cannot wear armour.
You are incapable of wielding weapons or throwing items.
Your paws allow you to move quietly. (Stealth)
((You have sharp claws.))
((You have razor-sharp teeth.))
You have supernaturally acute eyesight. (SInv)
You are carnivorous and can eat meat at any time.
((You cover ground quickly.))
((You are covered in fur. (AC +1)))
You have a slow metabolism.
((Your sharp claws are effective at attacking unaware monsters.))


Message History

You turn into a tree.
Your roots penetrate the ground.
Your ball python bites the quokka.
Your ball python completely misses the quokka.
The quokka bites you but does no damage.
Unknown command.
You smack the quokka!
You kill the quokka!
Unknown command.
There is a lethal amount of poison in your body!
There is a lethal amount of poison in your body!
There is a lethal amount of poison in your body!
* * * LOW HITPOINT WARNING * * *
You feel sick.
It was a potion of resistance.
You feel protected.
Unknown command.
It was a potion of haste.
You feel yourself speed up.
Unknown command.
There is a lethal amount of poison in your body!
You die...

####.####.####
####.## #.#
...)..###.#########
####......#.......
###
####.######.##.#.#
.... .÷...#
#.##.#.##.....
.#####
#.#........>.. .##
#.##.#†##.<... ..#
#######.##..♣S......
..#
#............##.####
..# #.#####.##.###
.S ..# #.#####.##.##
## ..# #.##........#
..# #.......##..#
..###.##)##.##..#
............#...#
.........##.# ...


You could see a friendly ball python.

Vanquished Creatures
  An adder (D:2)
  A dart slug (D:1)
  4 giant cockroaches
  8 goblins
  6 hobgoblins
  2 jackals (D:1)
  2 quokkas (D:2)
  9 bats
  3 frilled lizards
  5 kobolds
  9 rats
50 creatures vanquished.

Vanquished Creatures (collateral kills)
  A giant cockroach (D:2)
1 creature vanquished.

Grand Total: 51 creatures vanquished

Notes
Turn   | Place    | Note
-------+----------+-------------------------------------------
     0 | D:1      | Katsumi the Felid Transmuter began the quest for the Orb.
     0 | D:1      | Reached XP level 1. HP: 9/9 MP: 4/4
    33 | D:1      | Reached skill level 3 in Transmutations
    38 | D:1      | Reached XP level 2. HP: 7/12 MP: 4/6
   131 | D:1      | Learned a level 2 spell: Sticks to Snakes
   827 | D:1      | Reached XP level 3. HP: 15/15 MP: 5/7
  1089 | D:1      | Reached skill level 4 in Transmutations
  2539 | D:2      | HP: 1/22 [poisoned by an adder]
  2543 | D:2      | Succumbed to an adder's poison

Levels and vault maps discovered:
D:1:      minmay_arrival_five_plusses, layout_basic
D:2:      layout_loops_cross, nicolae_dithmenos_through_a_glass_darkly

Skill      XL: |  1  2  3 |
---------------+----------+-----
Transmutations | 3 4 |  4.7
Fighting       | |  1.0
Dodging        | |  2.6
Unarmed Combat | |  3.0
Spellcasting   | |  2.0

Action                   || total
-------------------------++-------
Melee: Unarmed           ||   133
       Headbutt          ||    15
       Bite              ||     6
       Punch             ||     1
 Cast: Beastly Appendage ||    29
       Sticks to Snakes  ||     2
  Use: Potion            ||     3
 Stab: Sleeping          ||     3
  Eat: Chunk             ||    11
Armor: Skin              ||    19
Dodge: Dodged            ||   127
